 Dungeon Crawl Stone Soup version 0.29.0-4-gdea44cf6ec (webtiles) character file.

Game seed: 15379056382075737376

33798 qw the Brawler (level 13, -6/127 HPs)
             Began as a Troll Cinder Acolyte on Aug 31, 2022.
             Was a Believer of Okawaru.
             Mangled by a dire elephant (19 damage)
             ... on level 5 of the Lair of Beasts.
             The game lasted 00:06:46 (11680 turns).

qw the Brawler (Troll Cinder Acolyte)              Turns: 11680, Time: 00:06:47

Health: -6/127     AC: 11    Str: 29    XL:     13   Next: 38%
Magic:  13/14      EV: 10    Int: 10    God:    Okawaru [**....]
Gold:   832        SH:  5    Dex:  5    Spells: 14/14 levels left

rFire   . . .      SeeInvis +     - Unarmed
rCold   + . .      Faith    .   (no shield)
rNeg    . . .      Spirit   .   i - +2 robe
rPois   +          Reflect  +   d - +2 hat {SInv}
rElec   .          Harm     .   h - +2 cloak
rCorr   .          Rampage  .   (gloves unavailable)
Will    .....                   (boots unavailable)
Stlth   ++........              o - amulet of reflection
HPRegen 1.11/turn               q - ring of protection from cold
MPRegen 0.14/turn               c - ring of poison resistance

@: about to teleport, heroic, fire susceptible
A: large, unfitting armour, claws 3, regeneration 1, shaggy fur 1, tough skin 1
a: Renounce Religion, Heroism


You were on level 5 of the Lair of Beasts.
You worshipped Okawaru.
Okawaru was pleased with you.
You visited 2 branches of the dungeon, and saw 13 of its levels.

You collected 874 gold pieces.
You spent 42 gold pieces at shops.


Innate Abilities, Weirdness & Mutations

You are too large for most types of armour.
You have claws for hands.
Your natural rate of healing is unusually fast.
You are covered in fur. (AC +1)
You have tough skin. (AC +1)


   Skills:
 - Level 8.0(13.0) Fighting
 - Level 8.0(13.0) Throwing
 - Level 1.0(6.0) Armour
 - Level 2.2(7.2) Dodging
 + Level 18.6(23.6) Unarmed Combat
 - Level 1.0 Spellcasting
 - Level 2.1 Fire Magic
 + Level 3.4 Invocations


You had 14 spell levels left.
You didn't know any spells.
Your spell library contained the following spells:

 Spells                   Type           Power      Damage    Failure   Level
 Scorch                   Fire           8%         2d5       22%         2

Inventory:

Missiles
 r - 2 boomerangs
 u - 3 javelins
 v - a large rock (quivered)
Armour
 d - a +2 hat of see invisible (worn)
 h - a +2 cloak (worn)
 i - a +2 robe (worn)
Jewellery
 c - a ring of poison resistance (right claw)
 e - a ring of poison resistance
 n - a ring of see invisible
 o - an amulet of reflection (around neck)
 p - a ring of see invisible
 q - a ring of protection from cold (left claw)
 s - a ring of resist corrosion
 t - a ring of protection from fire
Scrolls
 j - 8 scrolls of identify
 l - 2 scrolls of enchant weapon
 m - 2 scrolls of teleportation
Potions
 a - 3 potions of haste
 b - 2 potions of mutation
 f - 4 potions of curing
 g - 4 potions of heal wounds
 k - 2 potions of might

Dungeon Overview and Level Annotations

Branches:
Dungeon (8/15)             Temple (0/1) D:4            Lair (5/5) D:8
 Shoals (0/4) Lair:2        Snake (0/4) Lair:3        Slime (0/5) Lair:4

Altars:
Ashenzari
Cheibriados
Hepliaklqana
Kikubaaqudgha
Makhleb
Nemelex Xobeh
Okawaru
Sif Muna
Wu Jian
Yredelemnul
Jiyva

Shops:
D:2 !   D:4 [   D:6 [


Message History

You throw a large rock. The large rock hits the dire elephant!!
The dire elephant is moderately wounded.
You barely miss the dire elephant. You claw the dire elephant!
The dire elephant is moderately wounded.
You claw the dire elephant!
The dire elephant is heavily wounded.
The dire elephant tramples you!!
You hold your ground!
The dire elephant trunk-slaps you but does no damage.
You mangle the dire elephant!!
The dire elephant is severely wounded.
You block the dire elephant's attack. The dire elephant trunk-slaps you.
You eviscerate the dire elephant!!!
You kill the dire elephant!
Okawaru is honoured by your kill.
You scratch the dire elephant but do no damage.
You claw the dire elephant, but do no damage.
The dire elephant tramples you!!
You hold your ground!
The dire elephant trunk-slaps you but does no damage.
You eviscerate the dire elephant!!!
The dire elephant is moderately wounded.
You hear a shout!
You barely miss the dire elephant.
The dire elephant is moderately wounded.
You scratch the dire elephant but do no damage.
The dire elephant is moderately wounded.
The dire elephant tramples you!!
You hold your ground!
The dire elephant trunk-slaps you. "Attack, my last stalwart servants!" 3 fire elementals come into view.
You mangle the dire elephant!!
The dire elephant is heavily wounded.
The dire elephant tramples you!!
You hold your ground!
The dire elephant barely misses you.
11680 ||| READING 3 scrolls of teleportation.
As you read the scroll of teleportation, it crumbles to dust.
You feel strangely unstable.
The dire elephant tramples you but does no damage.
The dire elephant trunk-slaps you but does no damage.
The dire elephant tramples you!!
You die...

#.#.......#.####''#
###.......#.##.~~p##
..##......#.#.~~~~~#
.##.......#.# ~~~~~#
.##.......#.## Y~..
..##......#..# .(#
##......##.####'##
##.......7#P.P#8Y8#
##.........###.#@YE###
.###........##.##E0#.#
............7#.P#E.'.##
............7##.#P.'..###
............7 #.#####...#
...........7# #....'...##
#..........# ###..'....#
##........7# +.P8#....#
#.......<.# #####P..##


You could see 2 dire elephants, a necromancer and 3 fire elementals.

Vanquished Creatures
  2 dire elephants (Lair:5)
  A hydra (Lair:1)
  A death yak (Lair:5)
  A spectral anaconda (Lair:5)
  2 necromancers (Lair:5)
  An oklob plant (Lair:3)
  3 merfolk sirens (Lair:2)
  19 elephants
  6 cane toads
  2 black mambas
  A dire elephant skeleton (Lair:5)
  2 rime drakes
  7 komodo dragons
  A polar bear (Lair:5)
  A merfolk (Lair:2)
  A troll (D:7)
  Grinder (D:3)
  2 hornets (D:8)
  4 blink frogs (Lair:4)
  5 dream sheep
  Sigmund (D:3)
  7 wyverns
  4 basilisks
  19 yaks
  5 fire elementals (Lair:5)
  A steam dragon (Lair:3)
  21 water moccasins
  An orc warrior (D:8)
  5 black bears
  4 ice beasts (D:7)
  5 ogres
  A centaur (D:6)
  34 wolves
  3 phantoms (D:6)
  A kobold brigand (D:6)
  15 bullfrogs
  Blork the orc (D:5)
  5 scorpions
  5 wights (D:8)
  2 necrophages
  A gnoll sergeant (D:8)
  A cane toad simulacrum (Lair:5)
  3 howler monkeys
  A jelly (D:5)
  3 hounds
  5 orc priests
  A gnoll bouda (D:7)
  Ijyb (D:3)
  Jessica (D:3)
  Natasha (twice) (D:3)
  4 iguanas
  5 orc wizards
  4 hell rats (Lair:1)
  5 adders
  11 gnolls
  A shadow imp (D:7)
  2 white imps
  3 ufetubi
  2 worms (D:2)
  3 dart slugs
  23 orcs
  5 ball pythons
  2 bats
  2 endoplasms (D:4)
  3 giant cockroaches
  8 goblins
  7 hobgoblins
  2 jackals (D:1)
  2 quokkas
  4 frilled lizards
  7 kobolds
  6 rats
333 creatures vanquished.

Vanquished Creatures (others)
  37 fungi
  41 plants
  5 withered plants (Lair:5)
83 creatures vanquished.

Grand Total: 416 creatures vanquished

Notes
Turn   | Place    | Note
-------+----------+-------------------------------------------
     0 | D:1      | qw the Troll Cinder Acolyte began the quest for the Orb.
     0 | D:1      | Reached XP level 1. HP: 22/22 MP: 1/1
     0 | D:1      | 0 ||| qw: Version: 0.1-a-97-g2dd2ca4
     0 | D:1      | 0 ||| qw: Game counter: 4675
     0 | D:1      | 0 ||| qw: Always use a shield: true
     0 | D:1      | 0 ||| qw: God list: Okawaru
     0 | D:1      | 0 ||| qw: Allow faded altars: false
     0 | D:1      | 0 ||| qw: Do Orc after D:15 true
     0 | D:1      | 0 ||| qw: Do second Lair branch before Depths: true
     0 | D:1      | 0 ||| qw: Lair rune preference: random
     0 | D:1      | 0 ||| qw: Plans: Normal
     0 | D:1      | 0 ||| PLANNING D:1-11
   271 | D:1      | Found a faded altar of an unknown god.
   335 | D:1      | Reached XP level 2. HP: 29/29 MP: 2/2
   504 | D:1      | 504 ||| Stepping ~*~*~tactically~*~*~ (stealth).
   610 | D:1      | Reached skill level 4 in Unarmed Combat
   624 | D:1      | 624 ||| Stepping ~*~*~tactically~*~*~ (hiding).
   904 | D:1      | 904 ||| UPGRADING to +0 cloak.
   909 | D:1      | 909 ||| READING scroll labelled YTAHEIRIOGO.
   910 | D:1      | 910 ||| READING scroll labelled RIAQELL ZOLO.
   911 | D:1      | 911 ||| READING 2 scrolls labelled CAUME YLIPN.
   912 | D:1      | 912 ||| READING scroll labelled QANEVVI ACUDWO.
   913 | D:1      | 913 ||| READING scroll labelled YRURUKH ISEORI.
   914 | D:1      | 914 ||| DRINKING 2 fuming sapphire potions.
   915 | D:1      | 915 ||| DROPPING potion of invisibility.
   951 | D:2      | 951 ||| Stepping ~*~*~tactically~*~*~ (stealth).
   954 | D:2      | 954 ||| Stepping ~*~*~tactically~*~*~ (outnumbered).
   975 | D:2      | 975 ||| Stepping ~*~*~tactically~*~*~ (stealth).
  1008 | D:2      | Reached XP level 3. HP: 36/36 MP: 3/3
  1009 | D:2      | 1009 ||| READING scroll of enchant armour.
  1009 | D:2      | 1009 ||| ENCHANTING +0 cloak.
  1104 | D:2      | 1104 ||| Stepping ~*~*~tactically~*~*~ (stealth).
  1205 | D:2      | 1205 ||| Stepping ~*~*~tactically~*~*~ (stealth).
  1214 | D:2      | 1214 ||| Stepping ~*~*~tactically~*~*~ (outnumbered).
  1215 | D:2      | 1215 ||| Stepping ~*~*~tactically~*~*~ (outnumbered).
  1217 | D:2      | 1217 ||| Stepping ~*~*~tactically~*~*~ (outnumbered).
  1286 | D:2      | Found Emiywnin's Distillery.
  1297 | D:2      | 1297 ||| BUYING potion of curing (42 gold).
  1297 | D:2      | Bought a potion of curing for 42 gold pieces
  1297 | D:2      | 1297 ||| SHOPLISTING potion of curing (42 gold, have 32).
  1297 | D:2      | 1297 ||| SHOPLISTING potion of heal wounds (70 gold, have
                  | 32).
  1332 | D:2      | Found a burning altar of Makhleb.
  1577 | D:2      | 1577 ||| UPGRADING to ring of resist corrosion.
  1578 | D:2      | 1578 ||| READING scroll labelled CUYCER APPASEWK.
  1579 | D:2      | 1579 ||| DRINKING 3 red potions.
  1580 | D:2      | 1580 ||| READING 3 scrolls of identify.
  1580 | D:2      | 1580 ||| IDENTIFYING clear potion
  1581 | D:2      | 1581 ||| READING 2 scrolls of identify.
  1581 | D:2      | 1581 ||| IDENTIFYING yellow potion
  1582 | D:2      | 1582 ||| DROPPING potion of berserk rage.
  1583 | D:2      | 1583 ||| DROPPING 2 potions of flight.
  1584 | D:2      | 1584 ||| Stepping randomly (stuck).
  1585 | D:2      | 1585 ||| Stepping ~*~*~tactically~*~*~ (cloud).
  1613 | D:2      | 1613 ||| FLEEEEING.
  1614 | D:2      | 1614 ||| Stepping ~*~*~tactically~*~*~ (stealth).
  1639 | D:3      | 1639 ||| STAIRDANCE
  1646 | D:3      | 1646 ||| Stepping ~*~*~tactically~*~*~ (outnumbered).
  1647 | D:3      | 1647 ||| Stepping ~*~*~tactically~*~*~ (outnumbered).
  1690 | D:3      | Reached XP level 4. HP: 44/44 MP: 4/4
  1803 | D:3      | Noticed Ijyb
  1804 | D:3      | Noticed Natasha
  1805 | D:3      | 1805 ||| FLEEEEING.
  1806 | D:3      | 1806 ||| FLEEEEING.
  1807 | D:3      | 1807 ||| FLEEEEING.
  1808 | D:3      | 1808 ||| FLEEEEING.
  1809 | D:3      | 1809 ||| FLEEEEING.
  1810 | D:3      | 1810 ||| INVOKING Fiery Armour.
  1824 | D:3      | Killed Natasha
  1825 | D:3      | Reached skill level 5 in Unarmed Combat
  1825 | D:3      | Killed Ijyb
  1874 | D:3      | Noticed Jessica
  1886 | D:3      | Killed Jessica
  1887 | D:3      | Reached XP level 5. HP: 45/50 MP: 5/5
  1976 | D:3      | Noticed Grinder
  1986 | D:3      | Killed Grinder
  1987 | D:3      | Reached skill level 7 in Unarmed Combat
  1987 | D:3      | Reached XP level 6. HP: 48/59 MP: 6/6
  2069 | D:3      | 2069 ||| Stepping ~*~*~tactically~*~*~ (stealth).
  2071 | D:3      | 2071 ||| INVOKING Fiery Armour.
  2072 | D:3      | 2072 ||| Stepping ~*~*~tactically~*~*~ (hiding).
  2154 | D:3      | Noticed Sigmund
  2155 | D:3      | 2155 ||| Stepping ~*~*~tactically~*~*~ (hiding).
  2156 | D:3      | 2156 ||| Stepping ~*~*~tactically~*~*~ (hiding).
  2157 | D:3      | 2157 ||| Stepping ~*~*~tactically~*~*~ (hiding).
  2158 | D:3      | 2158 ||| Stepping ~*~*~tactically~*~*~ (hiding).
  2159 | D:3      | 2159 ||| Stepping ~*~*~tactically~*~*~ (hiding).
  2160 | D:3      | 2160 ||| Stepping ~*~*~tactically~*~*~ (hiding).
  2161 | D:3      | 2161 ||| Stepping ~*~*~tactically~*~*~ (hiding).
  2186 | D:3      | 2186 ||| DRINKING 2 potions of curing.
  2186 | D:3      | 2186 ||| (to cure confusion)
  2222 | D:3      | 2222 ||| INVOKING Fiery Armour.
  2226 | D:3      | Killed Sigmund
  2227 | D:3      | Reached skill level 8 in Unarmed Combat
  2227 | D:3      | Reached XP level 7. HP: 30/66 MP: 7/7
  2343 | D:3      | Noticed Natasha
  2344 | D:3      | 2344 ||| Stepping ~*~*~tactically~*~*~ (hiding).
  2345 | D:3      | 2345 ||| Stepping ~*~*~tactically~*~*~ (hiding).
  2346 | D:3      | 2346 ||| Stepping ~*~*~tactically~*~*~ (hiding).
  2350 | D:3      | Killed Natasha
  2868 | D:3      | 2868 ||| UPGRADING to +2 hat of see invisible.
  2873 | D:3      | 2873 ||| UPGRADING to +2 robe.
  2883 | D:3      | 2883 ||| DROPPING +0 robe.
  2884 | D:3      | 2884 ||| READING scroll labelled QIFEVUOFAGH.
  2885 | D:3      | 2885 ||| READING scroll labelled JYECVA QIUC.
  2890 | D:3      | 2890 ||| READING 5 scrolls of identify.
  2890 | D:3      | 2890 ||| IDENTIFYING metallic silvery potion
  2891 | D:3      | 2891 ||| READING 4 scrolls of identify.
  2891 | D:3      | 2891 ||| IDENTIFYING smoky dark potion
  2927 | D:4      | 2927 ||| STAIRDANCE
  2931 | D:3      | Reached skill level 3 in Fighting
  2985 | D:4      | 2985 ||| Stepping ~*~*~tactically~*~*~ (hiding).
  3054 | D:4      | 3054 ||| Stepping ~*~*~tactically~*~*~ (stealth).
  3057 | D:4      | 3057 ||| Stepping ~*~*~tactically~*~*~ (stealth).
  3066 | D:4      | 3066 ||| FLEEEEING.
  3068 | D:4      | 3068 ||| Stepping ~*~*~tactically~*~*~ (stealth).
  3095 | D:4      | Found a staircase to the Ecumenical Temple.
  3270 | D:4      | Found Nuasyrr's Antique Armour Shop.
  3376 | D:4      | Reached skill level 9 in Unarmed Combat
  3463 | D:4      | 3463 ||| Stepping ~*~*~tactically~*~*~ (stealth).
  3464 | D:4      | 3464 ||| Stepping ~*~*~tactically~*~*~ (stealth).
  3471 | D:4      | 3471 ||| Stepping ~*~*~tactically~*~*~ (stealth).
  3472 | D:4      | 3472 ||| Stepping ~*~*~tactically~*~*~ (stealth).
  3473 | D:4      | 3473 ||| Stepping ~*~*~tactically~*~*~ (stealth).
  3474 | D:4      | 3474 ||| Stepping ~*~*~tactically~*~*~ (stealth).
  3524 | D:4      | 3524 ||| Stepping ~*~*~tactically~*~*~ (stealth).
  3681 | D:4      | 3681 ||| READING scroll labelled JAGA ATABOEWI.
  3682 | D:4      | 3682 ||| READING 3 scrolls of identify.
  3682 | D:4      | 3682 ||| IDENTIFYING orange potion
  3683 | D:4      | 3683 ||| READING 2 scrolls of identify.
  3683 | D:4      | 3683 ||| IDENTIFYING fuming cyan potion
  3696 | D:5      | Entered Level 5 of the Dungeon
  3773 | D:5      | 3773 ||| INVOKING Fiery Armour.
  3781 | D:5      | Reached skill level 1 in Dodging
  3781 | D:5      | Reached XP level 8. HP: 75/75 MP: 8/8
  3799 | D:5      | Found a snail-covered altar of Cheibriados.
  3819 | D:5      | 3819 ||| Stepping ~*~*~tactically~*~*~ (hiding).
  3852 | D:5      | Noticed Blork the orc
  3856 | D:5      | 3856 ||| Stepping ~*~*~tactically~*~*~ (outnumbered).
  3857 | D:5      | 3857 ||| Stepping ~*~*~tactically~*~*~ (outnumbered).
  3876 | D:5      | Killed Blork the orc
  4382 | D:5      | 4382 ||| READING 2 scrolls labelled UXTIGG ROESA.
  4383 | D:5      | 4383 ||| READING scroll labelled MUESKU BOM.
  4384 | D:5      | 4384 ||| DROPPING scroll of amnesia.
  4403 | D:6      | Reached skill level 10 in Unarmed Combat
  4458 | D:6      | Found Jamnihob's Antique Armour Emporium.
  4467 | D:6      | 4467 ||| SHOPLISTING shiny fire dragon scales (1449 gold,
                  | have 259).
  4469 | D:6      | 4469 ||| Stepping ~*~*~tactically~*~*~ (stealth).
  4470 | D:6      | 4470 ||| Stepping ~*~*~tactically~*~*~ (stealth).
  4585 | D:6      | 4585 ||| INVOKING Fiery Armour.
  4620 | D:6      | 4620 ||| Stepping ~*~*~tactically~*~*~ (hiding).
  4623 | D:6      | 4623 ||| Stepping ~*~*~tactically~*~*~ (hiding).
  4631 | D:6      | 4631 ||| Stepping ~*~*~tactically~*~*~ (hiding).
  4632 | D:6      | 4632 ||| Stepping ~*~*~tactically~*~*~ (outnumbered).
  4633 | D:6      | 4633 ||| Stepping ~*~*~tactically~*~*~ (outnumbered).
  4634 | D:6      | 4634 ||| Stepping ~*~*~tactically~*~*~ (outnumbered).
  4635 | D:6      | 4635 ||| Stepping ~*~*~tactically~*~*~ (outnumbered).
  4636 | D:6      | 4636 ||| Stepping ~*~*~tactically~*~*~ (outnumbered).
  4716 | D:6      | Reached XP level 9. HP: 53/84 MP: 9/9
  4779 | D:6      | Reached skill level 11 in Unarmed Combat
  4790 | D:6      | Found a broken altar of Ashenzari.
  4895 | D:6      | 4895 ||| UPGRADING to amulet of reflection.
  4900 | D:6      | 4900 ||| DROPPING amulet of guardian spirit.
  4901 | D:6      | 4901 ||| READING 3 scrolls of identify.
  4901 | D:6      | 4901 ||| IDENTIFYING sedimented sapphire potion
  4902 | D:6      | 4902 ||| DROPPING potion of lignification.
  5028 | D:7      | Noticed a troll
  5037 | D:7      | Killed a troll
  5074 | D:7      | Found an ornate altar of the Wu Jian Council.
  5293 | D:7      | Reached skill level 12 in Unarmed Combat
  5320 | D:7      | 5320 ||| Stepping ~*~*~tactically~*~*~ (stealth).
  5384 | D:7      | 5384 ||| Stepping ~*~*~tactically~*~*~ (hiding).
  5392 | D:7      | 5392 ||| Stepping ~*~*~tactically~*~*~ (outnumbered).
  5393 | D:7      | 5393 ||| Stepping ~*~*~tactically~*~*~ (outnumbered).
  5395 | D:7      | 5395 ||| Stepping ~*~*~tactically~*~*~ (outnumbered).
  5396 | D:7      | 5396 ||| Stepping ~*~*~tactically~*~*~ (outnumbered).
  5399 | D:7      | 5399 ||| Stepping ~*~*~tactically~*~*~ (outnumbered).
  5400 | D:7      | 5400 ||| Stepping ~*~*~tactically~*~*~ (outnumbered).
  5469 | D:7      | 5469 ||| Stepping ~*~*~tactically~*~*~ (hiding).
  5470 | D:7      | 5470 ||| Stepping ~*~*~tactically~*~*~ (hiding).
  5508 | D:7      | 5508 ||| Stepping ~*~*~tactically~*~*~ (stealth).
  5520 | D:7      | 5520 ||| Stepping ~*~*~tactically~*~*~ (stealth).
  5543 | D:7      | 5543 ||| Stepping ~*~*~tactically~*~*~ (stealth).
  5564 | D:7      | 5564 ||| Stepping ~*~*~tactically~*~*~ (stealth).
  5691 | D:7      | 5691 ||| UPGRADING to ring of poison resistance.
  5692 | D:7      | 5692 ||| UPGRADING to ring of protection from cold.
  5694 | D:7      | 5694 ||| READING scroll labelled EFOJ EGOGIU.
  5695 | D:7      | 5695 ||| READING 2 scrolls of identify.
  5695 | D:7      | 5695 ||| IDENTIFYING grey potion
  5696 | D:7      | 5696 ||| DROPPING potion of attraction.
  5772 | D:7      | 5772 ||| READING 3 scrolls of teleportation.
  5773 | D:7      | 5773 ||| STAIRDANCE
  5819 | D:8      | 5819 ||| INVOKING Fiery Armour.
  5837 | D:8      | Found a staircase to the Lair.
  5843 | D:8      | Reached skill level 13 in Unarmed Combat
  5849 | D:8      | Reached skill level 1 in Armour
  5849 | D:8      | Reached XP level 10. HP: 93/96 MP: 10/10
  5891 | D:8      | Found a basalt altar of Yredelemnul.
  5916 | D:8      | 5916 ||| Stepping ~*~*~tactically~*~*~ (stealth).
  5918 | D:8      | 5918 ||| Stepping ~*~*~tactically~*~*~ (stealth).
  5974 | D:8      | 5974 ||| Stepping ~*~*~tactically~*~*~ (hiding).
  5976 | D:8      | 5976 ||| Stepping ~*~*~tactically~*~*~ (hiding).
  5978 | D:8      | 5978 ||| Stepping ~*~*~tactically~*~*~ (hiding).
  5979 | D:8      | 5979 ||| Stepping ~*~*~tactically~*~*~ (hiding).
  5992 | D:8      | 5992 ||| Stepping ~*~*~tactically~*~*~ (outnumbered).
  5993 | D:8      | 5993 ||| Stepping ~*~*~tactically~*~*~ (outnumbered).
  5995 | D:8      | 5995 ||| Stepping ~*~*~tactically~*~*~ (stealth).
  6013 | D:8      | 6013 ||| Stepping ~*~*~tactically~*~*~ (stealth).
  6014 | D:8      | 6014 ||| Stepping ~*~*~tactically~*~*~ (stealth).
  6020 | D:8      | 6020 ||| Stepping ~*~*~tactically~*~*~ (stealth).
  6022 | D:8      | 6022 ||| Stepping ~*~*~tactically~*~*~ (stealth).
  6023 | D:8      | 6023 ||| Stepping ~*~*~tactically~*~*~ (stealth).
  6031 | D:8      | 6031 ||| Stepping ~*~*~tactically~*~*~ (stealth).
  6032 | D:8      | 6032 ||| Stepping ~*~*~tactically~*~*~ (stealth).
  6079 | D:8      | 6079 ||| Stepping ~*~*~tactically~*~*~ (stealth).
  6081 | D:8      | 6081 ||| Stepping ~*~*~tactically~*~*~ (stealth).
  6086 | D:8      | 6086 ||| Stepping ~*~*~tactically~*~*~ (stealth).
  6092 | D:8      | 6092 ||| FLEEEEING.
  6093 | D:8      | 6093 ||| Stepping ~*~*~tactically~*~*~ (stealth).
  6095 | D:8      | 6095 ||| FLEEEEING.
  6097 | D:8      | 6097 ||| FLEEEEING.
  6099 | D:8      | 6099 ||| Stepping ~*~*~tactically~*~*~ (stealth).
  6100 | D:8      | 6100 ||| Stepping ~*~*~tactically~*~*~ (stealth).
  6101 | D:8      | 6101 ||| Stepping ~*~*~tactically~*~*~ (stealth).
  6105 | D:8      | 6105 ||| Stepping ~*~*~tactically~*~*~ (stealth).
  6111 | D:8      | Reached skill level 14 in Unarmed Combat
  6214 | D:8      | 6214 ||| Stepping ~*~*~tactically~*~*~ (stealth).
  6215 | D:8      | 6215 ||| Stepping ~*~*~tactically~*~*~ (stealth).
  6216 | D:8      | Found a burning altar of Makhleb.
  6217 | D:8      | Found a shimmering blue altar of Sif Muna.
  6218 | D:8      | Found an ancient bone altar of Kikubaaqudgha.
  6219 | D:8      | Found a sparkling altar of Nemelex Xobeh.
  6219 | D:8      | Found an iron altar of Okawaru.
  6232 | D:8      | Found a hazy altar of Hepliaklqana.
  6476 | D:8      | 6476 ||| READING scroll labelled JIMMAE JOOPTOGRU.
  6543 | D:7      | 6543 ||| PLANNING LAIR
  6569 | Lair:1   | Entered Level 1 of the Lair of Beasts
  6598 | Lair:1   | Noticed a cane toad
  6604 | Lair:1   | 6604 ||| Stepping ~*~*~tactically~*~*~ (outnumbered).
  6605 | Lair:1   | 6605 ||| Stepping ~*~*~tactically~*~*~ (outnumbered).
  6607 | Lair:1   | 6607 ||| Stepping ~*~*~tactically~*~*~ (outnumbered).
  6608 | Lair:1   | 6608 ||| Stepping ~*~*~tactically~*~*~ (outnumbered).
  6610 | Lair:1   | 6610 ||| Stepping ~*~*~tactically~*~*~ (outnumbered).
  6614 | Lair:1   | Reached skill level 6 in Fighting
  6616 | Lair:1   | Killed a cane toad
  6785 | Lair:1   | 6785 ||| Stepping ~*~*~tactically~*~*~ (stealth).
  6813 | Lair:1   | Noticed a four-headed hydra
  6814 | Lair:1   | 6814 ||| INVOKING Fiery Armour.
  6820 | Lair:1   | Killed a six-headed hydra
  6821 | Lair:1   | Reached skill level 15 in Unarmed Combat
  6896 | Lair:1   | Reached XP level 11. HP: 105/105 MP: 11/11
  7154 | Lair:1   | 7154 ||| READING scroll of enchant armour.
  7154 | Lair:1   | 7154 ||| ENCHANTING +1 cloak.
  7180 | Lair:1   | 7180 ||| Stepping ~*~*~tactically~*~*~ (stealth).
  7231 | Lair:1   | 7231 ||| INVOKING Fiery Armour.
  7232 | Lair:1   | 7232 ||| Stepping ~*~*~tactically~*~*~ (outnumbered).
  7233 | Lair:1   | 7233 ||| Stepping ~*~*~tactically~*~*~ (outnumbered).
  7236 | Lair:1   | 7236 ||| Stepping ~*~*~tactically~*~*~ (outnumbered).
  7237 | Lair:1   | 7237 ||| Stepping ~*~*~tactically~*~*~ (outnumbered).
  7238 | Lair:1   | 7238 ||| Stepping ~*~*~tactically~*~*~ (outnumbered).
  7444 | Lair:1   | 7444 ||| DROPPING amulet of the acrobat.
  7862 | Lair:2   | Reached skill level 16 in Unarmed Combat
  8050 | Lair:2   | Found a staircase to the Shoals.
  8052 | Lair:2   | 8052 ||| Stepping ~*~*~tactically~*~*~ (stealth).
  8053 | Lair:2   | 8053 ||| Stepping ~*~*~tactically~*~*~ (hiding).
  8054 | Lair:2   | 8054 ||| Stepping ~*~*~tactically~*~*~ (hiding).
  8055 | Lair:2   | 8055 ||| Stepping ~*~*~tactically~*~*~ (hiding).
  8063 | Lair:2   | 8063 ||| INVOKING Fiery Armour.
  8644 | Lair:3   | 8644 ||| Stepping ~*~*~tactically~*~*~ (outnumbered).
  8645 | Lair:3   | 8645 ||| Stepping ~*~*~tactically~*~*~ (outnumbered).
  8646 | Lair:3   | 8646 ||| Stepping ~*~*~tactically~*~*~ (outnumbered).
  8647 | Lair:3   | 8647 ||| Stepping ~*~*~tactically~*~*~ (outnumbered).
  8654 | Lair:3   | Reached skill level 3 in Throwing
  8722 | Lair:3   | Identified the +7 morningstar of the Whale {holy, Stlth+}
  8728 | Lair:3   | 8728 ||| Stepping ~*~*~tactically~*~*~ (stealth).
  8843 | Lair:3   | Found a staircase to the Snake Pit.
  9195 | Lair:3   | 9195 ||| INVOKING Fiery Armour.
  9216 | Lair:3   | Noticed an oklob plant
  9224 | Lair:3   | Killed an oklob plant
  9358 | Lair:3   | 9358 ||| READING scroll labelled VOROZE DEIZAH.
  9375 | Lair:4   | 9375 ||| STAIRDANCE
  9376 | Lair:4   | 9376 ||| STAIRDANCE
  9410 | Lair:4   | 9410 ||| Stepping ~*~*~tactically~*~*~ (outnumbered).
  9411 | Lair:4   | 9411 ||| Stepping ~*~*~tactically~*~*~ (outnumbered).
  9412 | Lair:4   | 9412 ||| Stepping ~*~*~tactically~*~*~ (outnumbered).
  9413 | Lair:4   | 9413 ||| Stepping ~*~*~tactically~*~*~ (outnumbered).
  9419 | Lair:4   | Reached XP level 12. HP: 96/118 MP: 12/12
  9420 | Lair:4   | Reached skill level 6 in Throwing
  9471 | Lair:4   | 9471 ||| DRINKING potion of cancellation.
  9500 | Lair:4   | Found a staircase to the Slime Pits.
  9501 | Lair:4   | Found a viscous altar of Jiyva.
  9506 | Lair:4   | 9506 ||| Stepping ~*~*~tactically~*~*~ (stealth).
  9519 | Lair:4   | 9519 ||| Stepping ~*~*~tactically~*~*~ (outnumbered).
  9520 | Lair:4   | 9520 ||| Stepping ~*~*~tactically~*~*~ (outnumbered).
  9521 | Lair:4   | 9521 ||| Stepping ~*~*~tactically~*~*~ (outnumbered).
  9522 | Lair:4   | 9522 ||| Stepping ~*~*~tactically~*~*~ (outnumbered).
  9650 | Lair:4   | 9650 ||| Stepping ~*~*~tactically~*~*~ (stealth).
  9654 | Lair:4   | 9654 ||| INVOKING Fiery Armour.
  9743 | Lair:4   | 9743 ||| Stepping ~*~*~tactically~*~*~ (stealth).
  9747 | Lair:4   | 9747 ||| Stepping ~*~*~tactically~*~*~ (stealth).
  9749 | Lair:4   | 9749 ||| Stepping ~*~*~tactically~*~*~ (stealth).
  9759 | Lair:4   | Reached skill level 17 in Unarmed Combat
  9760 | Lair:4   | 9760 ||| Stepping ~*~*~tactically~*~*~ (outnumbered).
  9885 | Lair:4   | 9885 ||| Stepping ~*~*~tactically~*~*~ (stealth).
  9890 | Lair:4   | 9890 ||| INVOKING Fiery Armour.
  9891 | Lair:4   | 9891 ||| Stepping ~*~*~tactically~*~*~ (outnumbered).
  9893 | Lair:4   | 9893 ||| Stepping ~*~*~tactically~*~*~ (outnumbered).
  9894 | Lair:4   | 9894 ||| Stepping ~*~*~tactically~*~*~ (outnumbered).
  9895 | Lair:4   | 9895 ||| Stepping ~*~*~tactically~*~*~ (outnumbered).
  9930 | Lair:4   | 9930 ||| Stepping ~*~*~tactically~*~*~ (stealth).
  9991 | Lair:4   | 9991 ||| Stepping ~*~*~tactically~*~*~ (stealth).
  9992 | Lair:4   | 9992 ||| Stepping ~*~*~tactically~*~*~ (stealth).
 10080 | Lair:4   | Reached skill level 18 in Unarmed Combat
 10592 | Lair:4   | 10592 ||| PLANNING CONVERSION TO OKAWARU
 10686 | D:8      | Fell from the grace of Ignis
 10686 | D:8      | Became a worshipper of Warmaster Okawaru
 10687 | D:8      | 10687 ||| PLANNING LAIR
 10687 | D:8      | 10687 ||| DRINKING 2 silvery potions.
 10688 | D:8      | 10688 ||| DROPPING potion of brilliance.
 10780 | Lair:5   | Entered Level 5 of the Lair of Beasts
 10786 | Lair:5   | 10786 ||| Stepping ~*~*~tactically~*~*~ (stealth).
 10852 | Lair:5   | Found a frozen archway.
 11046 | Lair:5   | Reached XP level 13. HP: 127/127 MP: 13/13
 11049 | Lair:5   | 11049 ||| Stepping ~*~*~tactically~*~*~ (outnumbered).
 11050 | Lair:5   | 11050 ||| Stepping ~*~*~tactically~*~*~ (outnumbered).
 11051 | Lair:5   | 11051 ||| Stepping ~*~*~tactically~*~*~ (outnumbered).
 11052 | Lair:5   | 11052 ||| Stepping ~*~*~tactically~*~*~ (outnumbered).
 11076 | Lair:5   | 11076 ||| FLEEEEING.
 11079 | Lair:5   | 11079 ||| FLEEEEING.
 11080 | Lair:5   | 11080 ||| FLEEEEING.
 11081 | Lair:5   | 11081 ||| FLEEEEING.
 11082 | Lair:5   | 11082 ||| FLEEEEING.
 11086 | Lair:5   | 11086 ||| FLEEEEING.
 11088 | Lair:5   | 11088 ||| FLEEEEING.
 11089 | Lair:5   | 11089 ||| FLEEEEING.
 11090 | Lair:5   | 11090 ||| FLEEEEING.
 11091 | Lair:5   | 11091 ||| FLEEEEING.
 11092 | Lair:5   | 11092 ||| FLEEEEING.
 11093 | Lair:5   | 11093 ||| FLEEEEING.
 11094 | Lair:5   | 11094 ||| FLEEEEING.
 11095 | Lair:5   | 11095 ||| FLEEEEING.
 11096 | Lair:5   | 11096 ||| FLEEEEING.
 11097 | Lair:5   | 11097 ||| FLEEEEING.
 11098 | Lair:5   | 11098 ||| FLEEEEING.
 11099 | Lair:5   | 11099 ||| FLEEEEING.
 11100 | Lair:5   | 11100 ||| FLEEEEING.
 11101 | Lair:5   | 11101 ||| FLEEEEING.
 11103 | Lair:5   | 11103 ||| FLEEEEING.
 11104 | Lair:5   | 11104 ||| FLEEEEING.
 11108 | Lair:5   | 11108 ||| STAIRDANCE
 11125 | Lair:4   | 11125 ||| READING 7 scrolls of identify.
 11125 | Lair:4   | 11125 ||| IDENTIFYING purple potion
 11126 | Lair:4   | 11126 ||| DROPPING potion of ambrosia.
 11245 | Lair:5   | 11245 ||| Stepping ~*~*~tactically~*~*~ (outnumbered).
 11248 | Lair:5   | 11248 ||| Stepping ~*~*~tactically~*~*~ (outnumbered).
 11302 | Lair:5   | Reached * piety under Okawaru
 11338 | Lair:5   | Noticed a dire elephant
 11338 | Lair:5   | Noticed a dire elephant
 11339 | Lair:5   | 11339 ||| INVOKING Heroism.
 11339 | Lair:5   | Noticed a dire elephant
 11350 | Lair:5   | Noticed a dire elephant
 11351 | Lair:5   | 11351 ||| INVOKING Heroism.
 11354 | Lair:5   | Killed a dire elephant
 11355 | Lair:5   | Reached skill level 1 in Invocations
 11446 | Lair:5   | 11446 ||| INVOKING Heroism.
 11542 | Lair:5   | 11542 ||| INVOKING Heroism.
 11545 | Lair:5   | 11545 ||| Stepping ~*~*~tactically~*~*~ (outnumbered).
 11663 | Lair:5   | 11663 ||| Stepping ~*~*~tactically~*~*~ (stealth).
 11664 | Lair:5   | 11664 ||| INVOKING Heroism.
 11668 | Lair:5   | Reached ** piety under Okawaru
 11669 | Lair:5   | Reached skill level 3 in Invocations
 11674 | Lair:5   | Killed a dire elephant
 11679 | Lair:5   | HP: 12/127 [dire elephant (27)]
 11680 | Lair:5   | 11680 ||| READING 3 scrolls of teleportation.
 11680 | Lair:5   | Mangled by a dire elephant

Levels and vault maps discovered:
D:1:      dpeg_arrival_shelter, layout_basic, ebering_ecumenical_altar_hall,
          minmay_misc_feat_x, minmay_misc_feat_tiny, reono_crystal_passage
D:2:      layout_loops_ring, serial_shops, nicolae_shop_hallway_plus,
          basic_altar
D:3:      layout_basic, uniq_jessica, uniq_ijyb, uniq_natasha, uniq_sigmund,
          uniq_grinder
D:4:      layout_gridville, minmay_temple_entry_enclosed_plants, serial_shops,
          nicolae_shop_stone
D:5:      layout_basic, kennysheep_slug_shrine, uniq_blork_the_orc
D:6:      layout_rooms, nicolae_ashenzari_skybound, serial_shops, shop
D:7:      minmay_skewed_foursquare, layout_basic, mainiacjoe_overflow_paths,
          skrybe_limestone_x, kennysheep_potato
D:8:      layout_basic, grunt_temple_overflow_open, due_lair_maze_entry_diamond,
          chequers_serial_rivers_small_b, hex_large, minmay_misc_feat_columns,
          chequers_serial_rivers_micro_b
Lair:1:   layout_cave_pods, minivault_23, lemuel_fruit_fields,
          infiniplex_staircase_pool_2
Lair:2:   layout_cave_pods, elwin_shoals_entry_stream
Lair:3:   layout_chaotic_city, dummy_snake_entry, grunt_megastairs_2
Lair:4:   layout_regular_city, slime_entry_1, grunt_forest_large_clearings,
          lemuel_fruit_fields
Lair:5:   due_jungle_book, layout_regular_city, portal_ice_cave_entry_pillars_1,
          serial_bayou_shore_b, lemuel_fruit_tree

Skill      XL: |  1  2  3  4  5  6  7  8  9 10 11 12 13 |
---------------+----------------------------------------+-----
Unarmed Combat | 4 5 7 8 9 10 13 15 16 18 | 18.6
Fighting       | 3 4 5 6 7 8 |  8.0
Throwing       | 2 5 7 8 |  8.0
Dodging        | 1 2 |  2.2
Armour         | 1 |  1.0
Invocations    | 3 |  3.4
Spellcasting   | |  1.0
Fire Magic     | |  2.1

Action                   |  1- 3 |  4- 6 |  7- 9 | 10-12 | 13-15 || total
-------------------------+-------+-------+-------+-------+-------++-------
Melee: Unarmed           |    79 |    39 |   245 |   457 |    89 ||   909
       Punch             |     1 |     1 |     9 |    32 |    13 ||    56
Throw: Boomerang         |    40 |     4 |    69 |    21 |       ||   134
       Large rock        |       |       |       |    61 |     8 ||    69
Invok: Fiery Armour      |       |     3 |     3 |     6 |       ||    12
       Heroism           |       |       |       |       |     5 ||     5
  Use: Scroll            |     9 |       |    13 |     3 |     2 ||    27
       Potion            |     2 |     1 |       |     2 |       ||     5
Armor: Robe              |    25 |    23 |    80 |   145 |    32 ||   305
       Skin              |       |     9 |    18 |       |       ||    27
Dodge: Dodged            |    34 |    17 |    95 |   140 |    28 ||   314
Block: Other             |       |       |    23 |    72 |    13 ||   108

Table legend:
 A = Non-vault XP
 B = Vault XP
 C = Vault XP percentage of total XP
 D = Non-vault monster count
 E = Vault monster count
 F = Vault count percentage of total count
                 A         B        C        D         E       F
            +---------+---------+-------+---------+---------+-------
      Total |   32811 |   15473 |  32.0 |     258 |      70 |  21.3
            +---------+---------+-------+---------+---------+-------
        D:1 |      33 |       0 |   0.0 |      17 |       0 |   0.0
        D:2 |      43 |       0 |   0.0 |      16 |       0 |   0.0
        D:3 |     199 |     623 |  75.8 |      19 |       5 |  20.8
        D:4 |     329 |       0 |   0.0 |      18 |       0 |   0.0
        D:5 |     636 |      94 |  12.9 |      10 |       2 |  16.7
        D:6 |    1083 |       0 |   0.0 |      28 |       0 |   0.0
        D:7 |    1031 |     777 |  43.0 |      15 |       9 |  37.5
        D:8 |    1819 |    1066 |  36.9 |      24 |      11 |  31.4
     Lair:1 |    4516 |       0 |   0.0 |      25 |       0 |   0.0
     Lair:2 |    2626 |    1855 |  41.4 |      11 |       4 |  26.7
     Lair:3 |    4230 |     709 |  14.4 |      17 |       3 |  15.0
     Lair:4 |   12303 |    2707 |  18.0 |      42 |      23 |  35.4
     Lair:5 |    3963 |    7642 |  65.9 |      16 |      13 |  44.8
            +---------+---------+-------+---------+---------+-------
